NCAA
PENN STATE NITTANY LIONS @ ALABAMA CRIMSON TIDE
05/07/2026
 
TOP OF THE 1ST
Penn State Nittany Lions batting - Pitching for Alabama Crimson Tide : RHP Claude Cunningham
Pitching: RHP Claude Cunningham
Batting: LHB Gary Lynn 0-0: Swinging Strike
0-1: Ball
1-1: Ground out U3 (Groundball, 3S)
Batting: RHB Jeremiah Ward 0-0: Called Strike
0-1: Ground out 1-3 (Groundball, 13)
Batting: SHB Tony Yan 0-0: Ball
1-0: Ball
2-0: Called Strike
2-1: Ball
3-1: Foul Ball, location: 2F
3-2: Base on Balls
Batting: SHB Sean Moody 0-0: Ball
Tony Yan is caught stealing 2nd base
Top of the 1st over - 0 run(s), 0 hit(s), 0 error(s), 0 left on base; Penn State 0 - Alabama 0
BOTTOM OF THE 1ST
Alabama Crimson Tide batting - Pitching for Penn State Nittany Lions : LHP Bryce Johnston
Pitching: LHP Bryce Johnston
Batting: RHB Greg Grant 0-0: Fly out, F9 (Flyball, 89D)
Batting: RHB William Robinson 0-0: DOUBLE (Line Drive, 7LS)
Batting: SHB Jorge D嫛ila 0-0: Foul Ball, location: 2F
0-1: Ball
1-1: Ball
2-1: Called Strike
2-2: Ground out 4-3 (Groundball, 4)
William Robinson to third
Batting: RHB Stephen Nava 0-0: Ball
1-0: Swinging Strike
1-1: Ball
2-1: Ground out 5-3 (Groundball, 5L)
Bottom of the 1st over - 0 run(s), 1 hit(s), 0 error(s), 1 left on base; Penn State 0 - Alabama 0
TOP OF THE 2ND
Penn State Nittany Lions batting - Pitching for Alabama Crimson Tide : RHP Claude Cunningham
Batting: SHB Sean Moody 0-0: Ball
1-0: Swinging Strike
1-1: Foul Ball, location: 2F
1-2: Ground out 6-3 (Groundball, 6M)
Batting: RHB Jim Anderson 0-0: Ball
1-0: Fly out, F9 (Flyball, 9M)
Batting: RHB Kip Murphy 0-0: Called Strike
0-1: Ground out 4-3 (Groundball, 4)
Top of the 2nd over - 0 run(s), 0 hit(s), 0 error(s), 0 left on base; Penn State 0 - Alabama 0
BOTTOM OF THE 2ND
Alabama Crimson Tide batting - Pitching for Penn State Nittany Lions : LHP Bryce Johnston
Batting: LHB Clayton Bailey 0-0: Foul Ball, location: 2F
0-1: Fly out, F8 (Flyball, 8LS)
Batting: RHB Nick Vogel 0-0: Foul Ball, location: 2F
0-1: TRIPLE (Line Drive, 89M)
Batting: RHB Scott Graves 0-0: Called Strike
0-1: Ball
1-1: Ground out 6-3 (Groundball, 6)
Nick Vogel scores
Batting: LHB Chris White 0-0: Fly out, F4 (Popup, 4D)
Bottom of the 2nd over - 1 run(s), 1 hit(s), 0 error(s), 0 left on base; Penn State 0 - Alabama 1
TOP OF THE 3RD
Penn State Nittany Lions batting - Pitching for Alabama Crimson Tide : RHP Claude Cunningham
Batting: RHB Mike Caldwell 0-0: Ball
1-0: Ball
2-0: Ball
3-0: Base on Balls
Batting: LHB 聲gel Santos 0-0: Grounds into double play, 4-6-3 (Groundball, 4)
Batting: LHB Bill Green 0-0: Ball
1-0: Called Strike
1-1: Fly out, F9 (Flyball, 9D)
Top of the 3rd over - 0 run(s), 0 hit(s), 0 error(s), 0 left on base; Penn State 0 - Alabama 1
BOTTOM OF THE 3RD
Alabama Crimson Tide batting - Pitching for Penn State Nittany Lions : LHP Bryce Johnston
Batting: LHB Tom York 0-0: Called Strike
0-1: Foul Ball, location: 2F
0-2: SINGLE (Line Drive, 89S)
Batting: RHB Greg Grant 0-0: Ball
1-0: Ball
2-0: Foul Ball, location: 2F
2-1: Foul Ball, location: 2F
2-2: Ball
3-2: 2-RUN HOME RUN (Flyball, 8LXD), Distance : 384 ft
Batting: RHB William Robinson 0-0: Called Strike
0-1: Foul Ball, location: 2F
0-2: Ball
1-2: Ball
2-2: Ball
3-2: Fly out, F3 (Popup, 3F)
Batting: SHB Jorge D嫛ila 0-0: Foul Ball, location: 2F
0-1: Called Strike
0-2: Ground out 4-3 (Groundball, 4)
Batting: RHB Stephen Nava 0-0: Called Strike
0-1: Ball
1-1: Called Strike
1-2: Foul Ball, location: 2F
1-2: Ground out 5-3 (Groundball, 56)
Bottom of the 3rd over - 2 run(s), 2 hit(s), 0 error(s), 0 left on base; Penn State 0 - Alabama 3
TOP OF THE 4TH
Penn State Nittany Lions batting - Pitching for Alabama Crimson Tide : RHP Claude Cunningham
Batting: LHB Gary Lynn 0-0: Ball
1-0: Ball
2-0: Called Strike
2-1: Ground out 3-1 (Groundball, 34)
Batting: RHB Jeremiah Ward 0-0: Called Strike
0-1: SINGLE (Groundball, 5L)
Batting: SHB Tony Yan 0-0: Ball
Jeremiah Ward is caught stealing 2nd base
1-0: Ball
2-0: Ball
3-0: Base on Balls
Batting: SHB Sean Moody 0-0: Ball
1-0: Ball
2-0: Ball
3-0: Base on Balls
Tony Yan to second
Batting: RHB Jim Anderson 0-0: SINGLE (Flyball, 8RS)
Tony Yan to third
Sean Moody to second
Runner from 3rd tries for Home, SAFE, no throw or cutoff
Batting: RHB Kip Murphy 0-0: Foul Ball, location: 2F
0-1: Ball
1-1: Foul Ball, location: 2F
1-2: Strikes out looking
Top of the 4th over - 1 run(s), 2 hit(s), 0 error(s), 2 left on base; Penn State 1 - Alabama 3
BOTTOM OF THE 4TH
Alabama Crimson Tide batting - Pitching for Penn State Nittany Lions : LHP Bryce Johnston
Batting: LHB Clayton Bailey 0-0: SINGLE (Line Drive, 8RS)
Batting: RHB Nick Vogel 0-0: Ball
1-0: Ball
2-0: Ball
3-0: Base on Balls
Clayton Bailey to second
Batting: RHB Scott Graves 0-0: Called Strike
0-1: Ball
1-1: SINGLE (Flyball, 8LS)
Clayton Bailey to third
Nick Vogel to second
Batting: LHB Chris White 0-0: Ball
1-0: Foul Ball, location: 2F
1-1: GRAND SLAM HOME RUN (Flyball, 89XD), Distance : 388 ft
Pitching: RHP Drake Johnston
Batting: LHB Tom York 0-0: Ball
1-0: Ball
2-0: Ball
3-0: Base on Balls
Batting: RHB Greg Grant 0-0: Ball
1-0: Ball
2-0: Called Strike
2-1: Foul Ball, location: 2F
2-2: Strikes out swinging
Batting: RHB William Robinson 0-0: Ball
1-0: Ball
2-0: Called Strike
Tom York steals 2nd base
2-1: Ball
3-1: Base on Balls
Batting: SHB Jorge D嫛ila 0-0: Ball
1-0: Called Strike
1-1: Ball
2-1: Ball
3-1: Base on Balls
Tom York to third
William Robinson to second
Batting: RHB Stephen Nava 0-0: Called Strike
0-1: Swinging Strike
0-2: Ball
1-2: Ball
2-2: SINGLE (Line Drive, 78M)
Tom York scores
William Robinson to third
Jorge D嫛ila to second
Runner from 3rd tries for Home, SAFE, no throw or cutoff
Batting: LHB Clayton Bailey 0-0: Ball
1-0: Ball
Jorge D嫛ila steals 3rd base
Stephen Nava to second
2-0: Foul Ball, location: 2F
2-1: Foul Ball, location: 2F
2-2: Ground out U3 (Groundball, 3L)
Batting: RHB Nick Vogel 0-0: Ball
1-0: Called Strike
1-1: Foul Ball, location: 2F
1-2: Strikes out looking
Bottom of the 4th over - 6 run(s), 4 hit(s), 0 error(s), 2 left on base; Penn State 1 - Alabama 9
TOP OF THE 5TH
Penn State Nittany Lions batting - Pitching for Alabama Crimson Tide : RHP Claude Cunningham
Batting: RHB Mike Caldwell 0-0: Ball
1-0: SINGLE (Line Drive, 8RS)
Batting: LHB 聲gel Santos 0-0: Foul Ball, location: 2F
0-1: Ball
1-1: Foul Ball, location: 2F
1-2: Ball
2-2: Foul Ball, location: 2F
2-2: Ball
3-2: Fielders Choice at 2nd, 4-6 (Groundball, 4)
Batting: LHB Bill Green 0-0: Foul Ball, location: 2F
0-1: Called Strike
0-2: Strikes out swinging
Batting: LHB Gary Lynn 0-0: Called Strike
0-1: Swinging Strike
0-2: Ball
1-2: Strikes out swinging
Top of the 5th over - 0 run(s), 1 hit(s), 0 error(s), 1 left on base; Penn State 1 - Alabama 9
BOTTOM OF THE 5TH
Alabama Crimson Tide batting - Pitching for Penn State Nittany Lions : RHP Drake Johnston
Batting: RHB Scott Graves 0-0: DOUBLE (Line Drive, 8RM)
Batting: LHB Chris White 0-0: Foul Ball, location: 2F
0-1: Ball
1-1: Foul Ball, location: 2F
1-2: Ball
2-2: Foul Ball, location: 2F
2-2: Foul Ball, location: 2F
2-2: Ground out 4-3 (Groundball, 4)
Scott Graves to third
Batting: LHB Tom York 0-0: Called Strike
0-1: Swinging Strike
0-2: Foul Ball, location: 2F
0-2: Ball
1-2: Ball
2-2: Strikes out swinging
Batting: RHB Greg Grant 0-0: Ball
1-0: Foul Ball, location: 2F
1-1: Fly out, F9 (Line Drive, 9M)
Bottom of the 5th over - 0 run(s), 1 hit(s), 0 error(s), 1 left on base; Penn State 1 - Alabama 9
TOP OF THE 6TH
Penn State Nittany Lions batting - Pitching for Alabama Crimson Tide : RHP Claude Cunningham
Batting: RHB Jeremiah Ward 0-0: Ball
1-0: Swinging Strike
1-1: Swinging Strike
1-2: Strikes out swinging
Batting: SHB Tony Yan 0-0: Ball
1-0: Foul Ball, location: 2F
1-1: Called Strike
1-2: Foul Ball, location: 2F
1-2: Strikes out swinging
Batting: SHB Sean Moody 0-0: Ball
1-0: Ball
2-0: Foul Ball, location: 2F
2-1: DOUBLE (Flyball, 78M)
Batting: RHB Jim Anderson 0-0: 2-RUN HOME RUN (Flyball, 7LD), Distance : 326 ft
Batting: RHB Kip Murphy 0-0: Swinging Strike
0-1: Ground out 5-3 (Groundball, 5)
Top of the 6th over - 2 run(s), 2 hit(s), 0 error(s), 0 left on base; Penn State 3 - Alabama 9
BOTTOM OF THE 6TH
Alabama Crimson Tide batting - Pitching for Penn State Nittany Lions : RHP Drake Johnston
Pitching: LHP Rick Johnson
Batting: RHB William Robinson 0-0: Swinging Strike
0-1: Called Strike
0-2: Ball
1-2: SINGLE (Groundball, 34D)
Batting: SHB Jorge D嫛ila 0-0: Ball
1-0: Foul Ball, location: 2F
1-1: SINGLE (Line Drive, 5)
William Robinson to second
Batting: RHB Stephen Nava 0-0: Ball
1-0: Swinging Strike
1-1: Ball
2-1: Called Strike
2-2: Foul Ball, location: 2F
2-2: Fly out, F6 (Popup, 6D)
Batting: LHB Clayton Bailey 0-0: Called Strike
0-1: Foul Ball, location: 2F
0-2: Grounds into double play, 6-4-3 (Groundball, 6M)
Bottom of the 6th over - 0 run(s), 2 hit(s), 0 error(s), 1 left on base; Penn State 3 - Alabama 9
TOP OF THE 7TH
Penn State Nittany Lions batting - Pitching for Alabama Crimson Tide : RHP Claude Cunningham
Batting: RHB Mike Caldwell 0-0: Ball
1-0: Foul Ball, location: 2F
1-1: Ball
2-1: Ball
3-1: Base on Balls
Pitching: LHP Daniel Williams
Batting: LHB 聲gel Santos 0-0: Fly out, F8 (Flyball, 8RM)
Batting: LHB Bill Green 0-0: Ball
1-0: Called Strike
1-1: Ball
2-1: Swinging Strike
2-2: Foul Ball, location: 2F
2-2: Ball
3-2: Foul Ball, location: 2F
3-2: Strikes out looking
Batting: LHB Gary Lynn 0-0: Called Strike
0-1: Ball
1-1: Foul Ball, location: 2F
1-2: SINGLE (Groundball, 34)
Mike Caldwell to second
Runner from 2nd tries for 3rd, OUT!
Top of the 7th over - 0 run(s), 1 hit(s), 0 error(s), 1 left on base; Penn State 3 - Alabama 9
BOTTOM OF THE 7TH
Alabama Crimson Tide batting - Pitching for Penn State Nittany Lions : LHP Rick Johnson
Batting: RHB Nick Vogel 0-0: Called Strike
0-1: Ground out 4-3 (Groundball, 4)
Batting: RHB Scott Graves 0-0: Swinging Strike
0-1: Swinging Strike
0-2: Ground out 6-3 (Groundball, 6M)
Batting: LHB Chris White 0-0: Ball
1-0: Ball
2-0: Foul Ball, location: 2F
2-1: Fly out, F9 (Flyball, 9M)
Bottom of the 7th over - 0 run(s), 0 hit(s), 0 error(s), 0 left on base; Penn State 3 - Alabama 9
TOP OF THE 8TH
Penn State Nittany Lions batting - Pitching for Alabama Crimson Tide : LHP Daniel Williams
Batting: RHB Jeremiah Ward 0-0: Bunted foul
0-1: Ball
1-1: Ground out 5-3 (Groundball, 5)
Batting: SHB Tony Yan 0-0: Called Strike
0-1: Foul Ball, location: 2F
0-2: Strikes out swinging
Batting: SHB Sean Moody 0-0: Called Strike
0-1: Ground out U3 (Groundball, 3S)
Top of the 8th over - 0 run(s), 0 hit(s), 0 error(s), 0 left on base; Penn State 3 - Alabama 9
BOTTOM OF THE 8TH
Alabama Crimson Tide batting - Pitching for Penn State Nittany Lions : LHP Rick Johnson
Batting: LHB Tom York 0-0: Foul Ball, location: 2F
0-1: Ground out U3 (Groundball, 3)
Pitching: RHP Tom Henry
Batting: RHB Greg Grant 0-0: Ball
1-0: Foul Ball, location: 2F
1-1: Foul Ball, location: 2F
1-2: Ball
2-2: Hit by Pitch
Batting: RHB William Robinson 0-0: Foul Ball, location: 2F
0-1: Ball
1-1: Ball
2-1: Foul Ball, location: 2F
2-2: Foul Ball, location: 2F
2-2: Foul Ball, location: 2F
2-2: Strikes out swinging
Greg Grant is caught stealing 2nd base
Batter strikes out.
Bottom of the 8th over - 0 run(s), 0 hit(s), 0 error(s), 0 left on base; Penn State 3 - Alabama 9
TOP OF THE 9TH
Penn State Nittany Lions batting - Pitching for Alabama Crimson Tide : LHP Daniel Williams
Now at C: Rick Miller
Now in RF: Jeffrey Hunter
Batting: RHB Jim Anderson 0-0: Foul Ball, location: 2F
0-1: Called Strike
0-2: Strikes out swinging
Batting: RHB Kip Murphy 0-0: Ball
1-0: Swinging Strike
1-1: Called Strike
1-2: SINGLE (Line Drive, 78S)
Batting: RHB Mike Caldwell 0-0: Called Strike
0-1: Swinging Strike
0-2: Foul Ball, location: 2F
0-2: Strikes out swinging
Batting: LHB 聲gel Santos 0-0: Ball
1-0: Ball
2-0: Ball
3-0: Base on Balls
Kip Murphy to second
Batting: LHB Bill Green 0-0: Ball
1-0: Ball
2-0: Foul Ball, location: 2F
2-1: Swinging Strike
2-2: Ball
3-2: Base on Balls
Kip Murphy to third
聲gel Santos to second
Batting: LHB Gary Lynn 0-0: Swinging Strike
0-1: Swinging Strike
0-2: Ball
1-2: Ball
2-2: Strikes out swinging
Top of the 9th over - 0 run(s), 1 hit(s), 0 error(s), 3 left on base; Penn State 3 - Alabama 9
Monday, December 5th, 2016 - OOTP Baseball 17.12 Build 75